Description

Has. Not much else to say.

VOD

https://www.youtube.com/watch?v=BVul4ctbsn0&t=21m30s

Replay - Has v TLO: Game 5 - Abyssal Reef LE

Build Order

Get SALT Encoding   

  14  0:18  Pylon  
  16  0:38  Gateway  
  17  0:50  Assimilator  
  19  1:25  Nexus  
  19  1:30  Cybernetics Core  
  20  1:40  Assimilator  
  21  1:50  Pylon  
  21  2:10  Adept (Chrono Boost)  
  24  2:25  Stargate  No warp gate
  26  2:45  Adept  
  32  3:10  Phoenix (Chrono Boost)  Kill overlords
  34  3:15  Adept  (1 at home, 2 harass)
  38  3:20  Pylon  
  40  3:30  Oracle (Chrono Boost)  Constant Oracle production
  48  4:00  Pylon, Nexus  
  50  4:15  Mothership Core  
  54  4:30  Assimilator x2  Gas at natural
  56  4:35  Pylon  
  60  5:05  Assimilator x2  Gas at 3rd
  65  5:15  Pylon, Forge  
  70  5:30  Stargate x3  
  75  5:45  Photon Cannon  at 3rd
  100  7:00  Pylon x4, Nexus  Make 4th expand
  100  7:18  Photon Cannon x4  then defense it
  130  8:00  Nexus  5th base
  140  8:15  Photon Cannon x100  mass cannons
Spawning Tool Build Advisor. Get it on Overwolf

Analysis

This is based on his game vs TLO from Dreamhack Montreal where he doesn't open with Cannon rush (for that see Has vs Snute on Odyssey), gets ahead with Oracles and as a result keeps massing only Oracles to win the game.

Look to trade with Oracles off 3-4 bases to kill workers, hydras, bases, etc. before Infestors are out. He seems to transition to Carriers off 4 bases depending on how Oracle trades go.

If you ever research warp gate you are doing it wrong.

Go to:

Details

  • Created by: Bones     
  • Published on: Sep 11, 2017
  • Modified on: Sep 15, 2017
  • Patch: 3.8.0
Show
View Real Time Build Order
Export as new Build Order

Comments (0)

There are no comments. Be the first!

Create an account to comment!